← All builds
Front / Cortex / Economy first / OBSERVED BUILD

Standard front

Cortex Front build order · Supreme Isthmus

Standard economy-first Front play: Bot Lab immediately, Advanced Metal Extractor around 9:23, then a mixed Thug/Grunt/Aggravator army sent up to defend the wider gap and move to middle as a line.

#eco #team support · 490 distinct matches · 151 players · 65% of Cortex Front games · team won 51% of 507 · Recently observed

HOW TO PLAY IT

Key timing: Bot Lab by 0:40

  1. Open 2 mex into early Bot Lab.
  2. Finish Bot Lab and start Thug, Grunt, Aggravator mix.
  3. Send first units to coast to stop leaks, not straight to mid.
  4. Transition into Advanced Metal Extractor as eco scales.
  5. Move units up as a line toward middle to hold the wider gap.

Phase by phase

TYPICAL OF ITS 490 GAMES
  1. 1
  2. 2
  3. 3
PLAY THE OPENING

Follow the example game's first 6:00 step by step: what to build now, what comes next, and where it goes. At 1× it keeps pace with your own game.

  1. 1

    Up to the Bot Lab

    Economy
    • Metal Extractor2Mex
    Order
    1. Bot LabBot Lab after 2 mexdone ~0:40, middle half 0:34–0:46

    Some games also: wind (39%)

    By 0:23 in all: 2 mex

    The example game in this phase · 2 steps
    1. Mex ×2
    2. Bot LabBot Labdone 0:35 · typical 0:40
  2. 2

    Bot Lab to 5:00

    Economy
    • Metal Extractor4Mex
    • Wind Turbine4Wind
    Builders
    • Construction Bot3 Con bot
    • Graverobber2 Graverobber
    Army
    • Guard2 Guard
    • Thug9 Thug
    • Aggravator5 Aggravator
    • Grunt4 Grunt

    Some games also: con turret (45%) · Radar Tower (35%)

    By 5:00 in all: 6 mex · 5 wind

    The example game in this phase · 20 steps
    1. GruntGrunt ×2
    2. Solar
    3. GraverobberGraverobber
    4. Solar
    5. Construction BotCon bot
    6. Mex
    7. GraverobberGraverobber
    8. GruntGrunt
    9. Mex
    10. GruntGrunt ×4
    11. Mex
    12. ThugThug ×3
    13. Mex
    14. ThugThug ×2
    15. GuardGuard
    16. ThugThug
    17. GuardGuard
    18. ThugThug ×4
    19. Construction BotCon bot
    20. ThugThug ×7
  3. 3

    5:00 to 10:00

    Economy
    • Metal Extractor1Mex
    • Wind Turbine17Wind
    Builders
    • Construction Turret2 Con turret
    • Graverobber2 Graverobber
    • Construction Bot1 Con bot
    Army
    • Guard1 Guard
    • Grunt7 Grunt
    • Thug5 Thug
    • Aggravator1 Aggravator

    Some games also: Radar Tower (43%) · converter (36%) · energy storage (36%) · Twin Guard (34%) · eat Bot Lab (37%)

    By 10:00 in all: 7 mex · 24 wind · 3 con turret

    The example game in this phase · 62 steps
    1. ThugThug ×4
    2. GraverobberGraverobber ×3
    3. GruntGrunt
    4. ThugThug
    5. GruntGrunt
    6. ThugThug
    7. GruntGrunt
    8. Wind
    9. GruntGrunt
    10. ThugThug
    11. GruntGrunt
    12. ThugThug
    13. Wind
    14. GruntGrunt ×2
    15. ThugThug
    16. GruntGrunt
    17. ThugThug
    18. PounderPounder
    19. Wind
    20. GruntGrunt
    21. ThugThug ×2
    22. GruntGrunt
    23. Wind
    24. GruntGrunt
    25. ThugThug
    26. Mex
    27. GruntGrunt ×2
    28. Con turret
    29. GruntGrunt
    30. IncisorIncisor
    31. GruntGrunt
    32. IncisorIncisor
    33. Advanced Metal ExtractorT2 mexdone 9:15
    34. GruntGrunt
    35. ThugThug ×2
    36. GruntGrunt ×3
    37. Advanced Metal ExtractorT2 mex
    38. GruntGrunt
    39. Radar TowerRadar Tower
    40. Wind ×2
    41. GruntGrunt ×2
    42. Wind
    43. GruntGrunt
    44. Wind
    45. Advanced Metal ExtractorT2 mex
    46. GruntGrunt
    47. Wind
    48. GruntGrunt ×2
    49. Wind
    50. GruntGrunt ×2
    51. Wind
    52. GruntGrunt
    53. Wind
    54. GruntGrunt ×2
    55. Wind
    56. GruntGrunt ×3
    57. Con turret
    58. GruntGrunt ×8
    59. Wind
    60. GruntGrunt ×2
    61. Wind
    62. GruntGrunt ×3

Counts are medians over the build's games: half of them build more, half fewer. The example game is LLT's (31 OS, 15/10/2026); pick another.

Team trades

IN AT LEAST 30% OF ITS GAMES

You hand over

Nothing regular.

You get

  • Tidal Generator4 Tidal from Pondfirst at 0:16 · in 64% of games
  • Advanced Construction Bot1 T2 con bot from Geo or Techfirst at 7:49 · in 62% of games

How it plays out

Typical game of this build, running totals by minute

Metal produced

010k20k30k
0:005:0010:0015:00

metal

Enemy metal destroyed

05k10k
0:005:0010:0015:00

metal

Own metal lost

05k10k
0:005:0010:0015:00

metal

507 games.

Show as table
ByMetal produced: This buildEnemy metal destroyed: This buildOwn metal lost: This build
1:0033100
2:0085700
3:00163410886
4:002721390336
5:003872939840
6:00512716061540
7:00643724352457
8:00779331893344
9:00926539284309
10:001093246865079
11:001275453235984
12:001466158586878
13:001695163767612
14:001916570038561
15:002086476319382
WHAT THE NUMBERS SAY

Standard front play wins less than half its games, with losses slightly outpacing kills through the first 15 minutes.

  • + Kills reach 7200 by 15:00 despite the safer starting position.
  • + T2 constructor reached in 85% of games, solid tech follow-through.
  • − Team wins under half of games (45%), the weakest shown here.
  • − Own metal lost (9484) exceeds enemy metal destroyed (7200) by 15:00.
THE EXAMPLE YOU ARE READING

LLT

31.1 OS · 15/10/2026

Open source match ↗

6 received units · includes a constructor
55 metal received · 12933 energy received

Allied construction assistance is unknown. Timings are observations, not a promise of solo reproducibility.

Typical milestones

Bot Lab0:40Middle 50%: 0:34–0:46 · n=492
Advanced Metal Extractor9:27Middle 50%: 8:20–10:45 · n=369

Played most by

iLike2Eco33games of this buildTheGeneraI27games of this buildSauceDispenser27games of this buildwatermeloans19games of this buildEl_Turco15games of this build